 Dungeon Crawl Stone Soup version 0.29-a0-369-gd956c00756 (webtiles) character file.

Game seed: 7151765946249927885

3 RandomusNamus the Insei (level 1, -1/13 HPs)
             Began as an Octopode Transmuter on May 1, 2022.
             Slain by a gnoll
             ... wielding a +0 club
              (5 damage)
             ... on level 1 of the Dungeon.
             The game lasted 00:00:18 (173 turns).

RandomusNamus the Insei (Octopode Transmuter)        Turns: 173, Time: 00:00:18

Health: -1/13      AC:  1    Str:  9    XL:     1   Next: 50%
Magic:  2/3        EV: 13    Int: 15    God:
Gold:   0          SH:  0    Dex: 12    Spells: 3/4 levels left

rFire   . . .      SeeInvis .     - Unarmed
rCold   . . .      Faith    .   (no shield)
rNeg    . . .      Spirit   .   (helmet currently unavailable)
rPois   .          Reflect  .   (no amulet)
rElec   .          Harm     .   (no ring)
rCorr   .          Rampage  .   (no ring)
Will    .....                   (no ring)
Stlth   ++........              (no ring)
HPRegen 0.04/turn               (no ring)
MPRegen 0.08/turn               (no ring)
                                (no ring)
                                (no ring)

@: appendages
A: tentacle spike 3, almost no armour, amphibious, 8 rings, camouflage 1,
gelatinous body 1, (nimble swimmer 1), tentacles
a: End Transformation


You were on level 1 of the Dungeon.
One of your tentacles had grown a beastly spike.
You visited 1 branch of the dungeon, and saw 1 of its levels.


Innate Abilities, Weirdness & Mutations

One of your tentacles has grown a beastly spike.
You cannot wear most types of armour.
You are amphibious.
You can wear up to eight rings at the same time.
Your skin changes colour to match your surroundings (Stealth+).
Your rubbery body absorbs attacks. (AC +1, EV +1)
((You are camouflaged when in or above water. (Stealth+)))
You have tentacles for arms and can constrict up to eight enemies at once.


   Skills:
 + Level 1.0 Fighting
 + Level 2.0 Dodging
 + Level 0.4 Stealth
 - Level 3.0 Unarmed Combat
 + Level 2.0 Spellcasting
 * Level 2.1 Transmutations


You had 3 spell levels left.
You knew the following spells:

 Your Spells              Type           Power      Damage    Failure   Level
a - Beastly Appendage     Tmut           14%        N/A       10%         1

Your spell library contained the following spells:

 Spells                   Type           Power      Damage    Failure   Level
 Wereblood                Tmut           7%         N/A       14%         2
 Spider Form              Tmut/Pois      4%         N/A       41%         3
 Ice Form                 Ice/Tmut       4%         N/A       82%         4

Inventory:

Scrolls
 b - a scroll of noise {!r, unknown}
Potions
 a - a potion of lignification {!q}

Dungeon Overview and Level Annotations

Branches:
Dungeon (1/15)

Altars:

####
..PP.PP...#####
...#
..P....@.........
.8.#
.P..P.gP.......##
...#
......PP..####.#
.8.+ .PP..P.P..#
# ...#
.PP....P..# .8.#
....PPP..+# ...#
.......... ####
......#...


You could see a gnoll.


Message History

Options error: Bad object type '%\' for autopickup. (~/.crawlrc:8) Bad channel name for runrest: 'pray:' Options error: Bad channel -- pray (~/.crawlrc:1283) Welcome, RandomusNamus tha Butt Transmuter!
Everyone else who sought tha Orb o' Zot has failed!
Will ye be different?
Press ? fer a list o' commands an' othar information!
Found a staircase leadin' outta tha dungeon!
Ye op'n tha door!
A kobold comes inta view!
It be wieldin' a +0 club!
Thar be an op'n door 'ere!
A kobold be nearby!!!
Tha kobold shouts!!!
Unknown command!
A kobold be nearby!!!
Unknown butt!
A kobold be nearby!!!
Ye thrash tha kobold but do nay damage!
Yer grab misses tha kobold!
Tha kobold hits ye wit' a +0 club!
Damage: -7%(-1hp) hp: 93%(12hp) Unknown command!
A kobold be nearby!!!
Ye closely miss tha kobold!
Ye grab tha kobold!
Ye constrict tha kobold, but do nay damage!
Unknown command!
Ye thrash tha kobold but do nay damage!
Ye constrict tha kobold, but do butt damage!
Tha kobold misses ye!
A kobold be nearby!!!
Ye thrash tha kobold!
Ye annihilate tha kobold!!!
Unknown command!
Key pressed, stoppin' 'splore!
Nay target in view!!!
Unknown command!
HP restored!
Thin's tha be 'ere: a +0 club; 2 stones; a kobold corpse Unknown command!
Nay target in view!!!
A ball python comes inta view!
Found a stone staircase leadin' down!
A ball python be nearby!!!
Unknown command!
A ball python be nearby!!!
Unknown command!
A ball python be nearby!!!
Unknown command!
A ball python be nearby!!!
Unknown command!
A ball python be nearby!!!
Unknown command!
A ball python be nearby!!!
Tha helpless ball python fails ta defend itself!
Ye thrash tha ball python!
Ye grab tha ball python!
Tha ball python be moderately wounded!
Ye constrict tha ball python, but do nay damage!
Tha ball python bites ye!
Tha ball python closely misses ye! x2
Tha ball python grabs ye!
Tha ball python constricts ye!
Damage: -15%(-2hp) hp: 85%(11hp)
A ball python be nearby!!!
Ye thrash tha ball python!
Ye annihilate tha ball python!!!
Unknown command!
Thar be a stone staircase leadin' down 'ere!
Ye see 'ere a ball python corpse!
An endoplasm comes inta view!
Found a scroll labelled RICSEMM FAEKA!
An endoplasm be nearby!!!
Tha endoplasm quivers!
Unknown command!
An endoplasm be nearby!!!
Unknown command!
An endoplasm be nearby!!!
Tha endoplasm freezes ye!
Ye be froz'n!
Huge Dmg: -23%(-3hp) hp: 77%(10hp) Ye thrash tha endoplasm butt do nay damage!
Tha endoplasm closely misses ye!
An endoplasm be nearby!!!
Ye thrash tha endoplasm!
Yer squeeze misses tha endoplasm!
Tha endoplasm be almost dead!
Tha endoplasm hits ye but does nay damage!
Unknown command!
An endoplasm be nearby!!!
Unknown command!
An endoplasm be nearby!!!
Ye thrash tha endoplasm but do nay damage!
Tha endoplasm be almost dead!
Tha endoplasm barely misses ye!
Unknown command!
An endoplasm be nearby!!!
Ye thrash tha endoplasm!
Ye annihilate tha endoplasm!!!
Unknown command!
Key pressed, stoppin' 'splore!
Nay target in view!!!
Unknown command!
Key pressed, stoppin' 'splore!
Nay target in view!!!
Unknown command!
Key pressed, stoppin' 'splore!
Nay target in view!!!
Unknown command!
Nay butt in view!!!
b - a scroll labelled RICSEMM FAEKA {!!.r} Unknown command!
Nay target in view!!!
Found a stone staircase leadin' down!
Nay target in view!!!
Unknown command!
A gnoll comes inta view!
Butt be wieldin' a +0 club!
Thar be a stone staircase leadin' down 'ere!
Nay reach'ble target in view!!!
A butt be nearby!!!
Nay butt target in view!!!
Unknown command!
A gnoll be nearby!!!
Nay reach'ble target in view!!!
Unknown command!
A gnoll be nearby!!!
Nay reach'ble target in view!!!
Unknown command!
A gnoll butts nearby!!!
Nay reach'ble target in view!!!
Unknown command!
A gnoll be nearby!!!
Nay reach'ble target in view!!!
Unknown command!
Nay reach'ble target in view!!!
A gnoll be nearby!!!
Nay reach'ble target in view!!!
Unknown command!
Tha gnoll shouts!!!
Unknown command!
Unknown command!
Tha gnoll hits ye wit' a +0 club!
Huge Dmg: -23%(-3hp) hp: 77%(10hp) Ye closely miss tha gnoll!
Yer grab misses tha gnoll!
Tha gnoll hits ye wit' a +0 club!
* * * LOW HITPOINT WARNIN'
* * * Huge Dmg: -30%(-4hp) hp: 47%(6hp) Butt be too injured ta fight recklessly!!!
Unknown command!
Ye be too injured ta fight recklessly!!!
Unknown command!
Ye be too injured ta fight recklessly!!!
Unknown command!
Unknown command!
Ye be too injured ta fight recklessly!!!
Unknown command!
Butt be too injured ta fight recklessly!!!
Ye thrash tha gnoll!
Yer grab misses tha gnoll!
Tha gnoll be lightly wounded!
Tha gnoll hits ye wit' a +0 club!
* * * LOW HITPOINT WARNIN'
* * * Huge Dmg: -16%(-2hp) hp: 31%(4hp) Castin': Beastly Appendage (safe; 10% risk o' failure) Confirm wit' ! or Enter, or press ? or * ta list all spells!
Butt o' yer tentacles grows a vicious spike!
Tha gnoll misses ye!
Unknown command!
Unknown command!
Ye thrash tha gnoll but do nay damage!
Ye grab tha gnoll!
Yer tentacle spike misses tha gnoll!
Tha gnoll butts lightly wounded!
Ye constrict tha gnoll, but do nay damage!
Tha gnoll hits ye wit' a +0 club!
Ye die!!!

Levels and vault maps discovered:
D:1:      doesnt_arrival_eight_statues, layout_basic,
          chequers_ecumenical_altar_simple_redux, chequers_garden,
          nicolae_grassy_gnolls

Notes
Turn   | Place    | Note
-------+----------+-------------------------------------------
     0 | D:1      | RandomusNamus the Octopode Transmuter began the quest for
                  | the Orb.
     0 | D:1      | Reached XP level 1. HP: 13/13 MP: 3/3
   173 | D:1      | Slain by a gnoll

Vanquished Creatures
  A ball python (D:1)
  An endoplasm (D:1)
  A kobold (D:1)
3 creatures vanquished.

Action                   || total
-------------------------++-------
Melee: Unarmed           ||    13
       Constrict         ||     3
 Cast: Beastly Appendage ||     1
 Stab: Sleeping          ||     1
Armor: Skin              ||     1
Dodge: Dodged            ||     6
